[Event "Late-Titled-Tuesday-Blitz-January-16-2024"]
[Site "Chess.com"]
[Date "2024.01.16"]
[Round "4"]
[White "Sebastian"]
[Black "Firouzja2003"]
[Result "1-0"]
[WhiteElo "2977"]
[BlackElo "3157"]
[TimeControl "180+1"]
[EndTime "14:38:47 PST"]
[Termination "Sebastian won on time"]

1. e4 c5 2. Nf3 d6 3. d4 cxd4 4. Nxd4 Nf6 5. Nc3 a6 6. Be3 e5 7. Nb3 Be7 8. f3 Be6 9. Qd2 Nbd7 10. g4 b5 11. g5 Nh5 12. O-O-O O-O 13. Kb1 Nb6 14. Na5 Qc7 15. a3 Rac8 16. h4 Ng3 17. Rg1 Nxf1 18. Rgxf1 Na4 19. Nd5 Bxd5 20. exd5 Qd7 21. f4 exf4 22. Rxf4 f6 23. Nc6 fxg5 24.
Rxf8+ Bxf8 25. hxg5 Qf5 26. b3 Nc5 27. Bxc5 dxc5 28.
d6 Rxc6 29. d7 Be7 30. d8=Q+ Bxd8 31. Qxd8+ Kf7 32. Rd7+ Kg6 33. Qe8+ Kxg5 34. Rxg7+ Rg6 35. Rxh7 Re6 36. Qh5+ Kf4 37. Rf7 Rf6 38. Qh4+ Ke5 39. Qg3+ Ke6 40. Ra7 Kd5 41. Qg2+ Ke5 42. Qe2+ Kf4 43.
Re7 Kg3 44. Re3+ Kh4 45. Qh2+ Kg5 46. Rg3+ Qg4 47. Rxg4+ Kxg4 48. Qg2+ Kf5 49. Qd5+ Kf4 50. Qxc5 Rf5 51. Qd4+ Kf3 52. Kb2 Rf4 53. Qd3+ 1-0

[Event "Late-Titled-Tuesday-Blitz-January-16-2024"]
[Site "Chess.com"]
[Date "2024.01.16"]
[Round "4"]
[White "PawnEatingZombie"]
[Black "Nick12772"]
[Result "1-0"]
[WhiteElo "2173"]
[BlackElo "2336"]
[TimeControl "180+1"]
[EndTime "14:38:48 PST"]
[Termination "PawnEatingZombie won by checkmate"]

1. e4 e6 2. d4 d5 3. exd5 exd5 4. Bf4 Bd6 5. Qd2 Nf6 6. Nc3 O-O 7. O-O-O Bb4 8. f3 a5 9. h4 a4 10. a3 Bd6 11. g4 c6 12. Nh3 b5 13. Bxd6 Qxd6 14. Qf4 Qxf4+ 15. Nxf4 Re8 16. Bd3 Ba6 17. Rde1 b4 18.
axb4 Bxd3 19. Nxd3 Na6 20. Nxa4 Nxb4 21. Nxb4 Rxa4 22. Nxc6 Rea8 23. c3 Nd7 24. Nb4 Nb6 25. Kc2 Rc8 26. Kb3 Ra7 27. Re5 Nc4 28. Rxd5 Nd2+ 29.
Kc2 Nxf3 30. h5 Rb7 31. Nd3 h6 32. Rf1 Ng5 33. Rc5 Re8 34. Re1 Rbe7 35. Rxe7 Rxe7 36. b4 Re2+ 37. Kb3 Ne4 38. Rc7 Re3 39. Ne5 Nd6 40.
Rc6 Nb5 41. Nd7 Nxd4+ 42. Kc4 Nxc6 43. b5 Ne5+ 44. Kd4 Nxd7 45. Kxe3 Kf8 46. Kd4 Ke7 47. Kd5 Nb6+ 48. Kc6 Na4 49. c4 g6 50. c5 gxh5 51. b6 Nxb6 52. cxb6 hxg4 53. b7 g3 54. b8=Q g2 55. Qh2 g1=Q 56. Qxg1 Kf6 57. Kd5 Kf5 58. Kd4 h5 59. Ke3 h4 60. Kf3 f6 61.
Qg4+ Ke5 62. Qxh4 f5 63. Qe7+ Kd4 64. Kf4 Kd3 65. Kxf5 Kd4 66. Qe5+ Kc4 67. Kf4 Kb4 68.
Qd5 Kc3 69. Ke3 Kc2 70. Qd4 Kc1 71. Qd3 Kb2 72. Qc4 Ka3 73. Qb5 Ka2 74. Kd3 Ka1 75. Kc2 Ka2 76. Qb2# 1-0

[Event "Late-Titled-Tuesday-Blitz-January-16-2024"]
[Site "Chess.com"]
[Date "2024.01.16"]
[Round "4"]
[White "FredddieCroderg"]
[Black "Aguiar94"]
[Result "0-1"]
[WhiteElo "2349"]
[BlackElo "2530"]
[TimeControl "180+1"]
[EndTime "14:38:49 PST"]
[Termination "Aguiar94 won by checkmate"]

1. e4 c5 2. c3 g6 3. d4 cxd4 4.
cxd4 d5 5. exd5 Nf6 6. Nc3 Nxd5 7. Qb3 Nxc3 8. bxc3 Bg7 9. Nf3 O-O 10. Be2 Nc6 11.
O-O b6 12. Nd2 Bb7 13. Bf3 Rc8 14. Qa3 Qd7 15. Re1 e5 16. d5 Na5 17. c4 e4 18.
Nxe4 Bxa1 19. Bb2 Bxb2 20. Qxb2 f5 21. Nf6+ Rxf6 22. Qxf6 Re8 23. Re6 Nxc4 24. h4 Nd2 25. h5 Nxf3+ 26. gxf3 Bxd5 27. Rd6 Qf7 28. Qd4 Bxf3 29.
Rd7 Qf8 30. Qc4+ Kh8 31. Qc3+ Kg8 32. Qxf3 Qf6 33. Qd5+ Qe6 34. Qd4 Qe1+ 35. Kh2 Qe5+ 36. Qxe5 Rxe5 37. h6 Ra5 38. Rg7+ Kf8 39. Rxh7 Rxa2 40.
Rb7 Rxf2+ 41. Kg3 Rf1 42. Kg2 Rf4 43. Kh3 g5 44. Rxa7 Rh4+ 45. Kg3 Rxh6 46. Rb7 Re6 47. Kf3 Rc6 48. Kg3 Rc3+ 49. Kf2 Rb3 50. Kg2 g4 51.
Kf2 f4 52. Kg2 Rb2+ 53. Kf1 g3 54. Rh7 f3 55. Ke1 g2 56. Rh6 g1=Q# 0-1

[Event "Late-Titled-Tuesday-Blitz-January-16-2024"]
[Site "Chess.com"]
[Date "2024.01.16"]
[Round "4"]
[White "arenal72"]
[Black "Elsa167"]
[Result "0-1"]
[WhiteElo "2589"]
[BlackElo "2853"]
[TimeControl "180+1"]
[EndTime "14:38:50 PST"]
[Termination "Elsa167 won on time"]

1. Nf3 Nf6 2. g3 g6 3. Bg2 Bg7 4. O-O O-O 5. d3 c5 6. e4 d6 7. c3 Nc6 8. Qe2 Rb8 9. h3 e5 10. a4 Re8 11. Na3 h6 12. Nc4 b6 13.
Rd1 d5 14. exd5 Nxd5 15. Ne3 Bb7 16. Nxd5 Qxd5 17. Nd2 Nd4 18. Qf1 Qxg2+ 19. Qxg2 Bxg2 20. Kxg2 Nc6 21. Nc4 Rbd8 22. Be3 Rd7 23. a5 b5 24. Na3 a6 25. Bxc5 Nxa5 26. Be3 Nb3 27. Ra2 Red8 28. Nc2 a5 29. Bb6 Ra8 30. Na3 Rb7 31. Be3 a4 32. c4 b4 33. Nb5 Bf8 34. Kf3 Bc5 35. Bxh6 Rd8 36. Rxa4 e4+ 37. Kxe4 f5+ 38. Kf3 Rbd7 39. Be3 Rxd3 40. Rxd3 Rxd3 41. Ra8+ Kf7 42. Ke2 Rd7 43. Rc8 Bxe3 44. fxe3 Rd2+ 45. Kf3 Rxb2 46. Rc7+ Ke6 47. Rc6+ Ke5 48. Rxg6 Nd2+ 49. Ke2 Ne4+ 50. Ke1 b3 51. Nd4 Nc3 52. Nf3+ Ke4 53. Nd2+ Kxe3 54. Re6+ Kd3 55. Rd6+ Ke3 56. Re6+ Ne4 57. c5 Rxd2 58. c6 Rc2 59. Kd1 Rc5 0-1

[Event "Late-Titled-Tuesday-Blitz-January-16-2024"]
[Site "Chess.com"]
[Date "2024.01.16"]
[Round "4"]
[White "Kiborg95"]
[Black "Rud_Makarian"]
[Result "0-1"]
[WhiteElo "2871"]
[BlackElo "3053"]
[TimeControl "180+1"]
[EndTime "14:38:52 PST"]
[Termination "Rud_Makarian won by resignation"]

1. e4 c5 2. Nc3 Nc6 3. Nge2 Nf6 4. d4 cxd4 5. Nxd4 e6 6. Ndb5 d6 7. Bf4 e5 8. Bg5 a6 9. Na3 b5 10. Bxf6 gxf6 11. Nd5 Bg7 12. c3 Ne7 13. Nxe7 Qxe7 14.
Nc2 f5 15. exf5 Bxf5 16. Qf3 Bxc2 17. Qxa8+ Qd8 18. Qxd8+ Kxd8 19. Be2 Kc7 20. O-O Kb6 21. Rfc1 Bf5 22. a4 Rd8 23. axb5 axb5 24. c4 Bh6 25. Rc3 Bd2 26. Rb3 b4 27. Rf3 Be6 28. Rd3 Bh6 29. b3 e4 30. Rdd1 Bg7 31. c5+ Kxc5 32. Ra5+ Kc6 33. Ra6+ Kc7 34. Bc4 Bxc4 35. bxc4 Bc3 36.
Rd5 b3 37. Rb5 b2 38. Kf1 Rb8 39. Rxb8 Kxb8 40. Rb6+ Kc7 41. Rb3 Kc6 42. Ke2 Kc5 43. Kd1 Kxc4 44. Kc2 Bd4 45. Rh3 d5 46. Rxh7 Bc3 47.
Rxf7 d4 48. Rc7+ Kd5 49. Rd7+ Kc4 50. Rc7+ Kd5 51. Rd7+ Kc4 52. h4 d3+ 53. Kb1 Bd4 54. Rc7+ Kb3 55. Rb7+ Kc3 56. Rxb2 Bxf2 57. Rxf2 e3 58. Rf8 e2 59. Re8 Kd2 60. h5 e1=Q+ 61. Rxe1 Kxe1 0-1

[Event "Late-Titled-Tuesday-Blitz-January-16-2024"]
[Site "Chess.com"]
[Date "2024.01.16"]
[Round "4"]
[White "LyonBeast"]
[Black "Zhigalko_Sergei"]
[Result "0-1"]
[WhiteElo "3155"]
[BlackElo "2977"]
[TimeControl "180+1"]
[EndTime "14:38:53 PST"]
[Termination "Zhigalko_Sergei won by resignation"]

1. e4 c5 2. Nf3 Nc6 3. d4 cxd4 4. Nxd4 Nf6 5. Nc3 e5 6. Ndb5 d6 7. Nd5 Nxd5 8. exd5 Nb8 9. c4 Be7 10. c5 O-O 11. Be2 a6 12. cxd6 Bxd6 13. Nxd6 Qxd6 14. O-O Nd7 15. Qb3 b5 16. Rd1 Bb7 17. a4 Nc5 18.
Qa3 Rfd8 19. Bg5 f6 20. Be3 Nxa4 21. Bg4 Qxa3 22. bxa3 Bc8 23. Bf3 e4 24. Bxe4 Nc3 25. Bf3 Nxd1 26. Rxd1 Bb7 27. Bg4 Bc8 28. Bf3 Bf5 29.
g4 Bd7 30. Bb6 Re8 31. d6 Rac8 32. Bc7 Kf7 33. h3 Re5 34. Bd5+ Kg6 35. f4 Rxd5 36. Rxd5 Kf7 37. Kf2 Re8 38. f5 Re4 39. Rd3 g6 40. Ba5 gxf5 41. gxf5 Rf4+ 42. Kg3 Rxf5 43. h4 Re5 44. Bb4 Ke6 45. Rc3 h5 46. Rc7 a5 47.
Bxa5 Kxd6 48. Rc3 Ke6 49. Bb4 Re4 50. Rc5 Rg4+ 51. Kh3 Kf7 52. Rc7 Rd4+ 53. Kg3 Ke6 54. Rc5 Rg4+ 55. Kh3 Kf7 56. Rc7 Rd4+ 57. Kg3 Kg6 58.
Bc5 Rg4+ 59. Kf3 Bf5 60. Bf2 Be4+ 61. Ke3 f5 62. Rc6+ Bxc6 0-1

[Event "Late-Titled-Tuesday-Blitz-January-16-2024"]
[Site "Chess.com"]
[Date "2024.01.16"]
[Round "4"]
[White "Hui_Li_Macau"]
[Black "santosalberto1987"]
[Result "1/2-1/2"]
[WhiteElo "2321"]
[BlackElo "2502"]
[TimeControl "180+1"]
[EndTime "14:38:54 PST"]
[Termination "Game drawn by repetition"]

1. e4 e6 2. d4 d5 3. Nd2 c5 4.
exd5 Qxd5 5. Ngf3 cxd4 6. Bc4 Qd6 7. O-O Nf6 8. Nb3 Nc6 9. Nbxd4 Nxd4 10. Nxd4 a6 11.
Re1 Qc7 12. Qe2 Bd7 13. Bg5 O-O-O 14. Bh4 Bd6 15. Bg3 Bxg3 16. hxg3 Kb8 17. c3 h5 18. Qe5 Qxe5 19. Rxe5 Bc8 20. Rae1 g6 21. R5e3 Ng4 22. R3e2 e5 23. Nf3 f6 24. Nh4 g5 25.
Nf3 Bf5 26. Rd2 Rxd2 27. Nxd2 Rd8 28. Nf1 Bg6 29. Be2 Nh6 30. Rd1 Rxd1 31. Bxd1 Nf5 32. Ne3 Nxe3 33. fxe3 Kc7 34. Kf2 Kd6 35. b4 Bf7 36. a3 a5 37. Bf3 b6 38. Ke1 h4 39.
Kf2 Bd5 40. Be2 Be4 41. Bb5 hxg3+ 42. Kxg3 Kd5 43. Kf2 Bc2 44. g3 Bb3 45. Be2 Bc4 46. Bf3+ e4 47. Bd1 Ke5 48. Bc2 f5 49. Bd1 Be6 50.
Bc2 Bc4 51. Bd1 Kd5 52. Bc2 Bd3 53. Bb3+ Bc4 54. Bc2 Ke5 1/2-1/2

[Event "Late-Titled-Tuesday-Blitz-January-16-2024"]
[Site "Chess.com"]
[Date "2024.01.16"]
[Round "4"]
[White "MusicCityMaster"]
[Black "Pitomina-inactive"]
[Result "1-0"]
[WhiteElo "2421"]
[BlackElo "2535"]
[TimeControl "180+1"]
[EndTime "14:38:57 PST"]
[Termination "MusicCityMaster won by resignation"]

1. d4 Nf6 2. c4 d5 3. cxd5 c6 4. dxc6 Nxc6 5. Nf3 e5 6. e3 Bg4 7. Be2 Bb4+ 8. Nc3 exd4 9. Nxd4 Bxe2 10. Qxe2 Bxc3+ 11. bxc3 O-O 12. O-O Rc8 13. Rd1 Qa5 14. Nb3 Qc7 15. c4 Ne5 16. Bb2 Nxc4 17. Bxf6 gxf6 18. Qg4+ Kh8 19. Rd7 Qe5 20. Rad1 b5 21. h3 a6 22. R7d5 Qe6 23. Qh4 Rg8 24. Rh5 Rg7 25. Nd4 Qd6 26. Rc1 Rcg8 27. Kh1 Qa3 28. Rg1 Ne5 29. Nf5 Ng6 30. Qxf6 Qf8 31. Qg5 f6 32.
Qh6 Rf7 33. Qxf8 Rgxf8 34. Rd1 Ne5 35. Rd6 Nc4 36. Rxa6 Rd8 37. Kh2 Rfd7 38. Nh6 Kg7 39. Ng4 Kg6 40. Rh6+ Kg7 41. Raxf6 Rf7 42. Rxf7+ Kxf7 43.
Rxh7+ Ke6 44. Rb7 Rd5 45. Rb6+ Nxb6 46. e4 Rc5 47. f4 Nc4 48. f5+ Ke7 49. f6+ Kf7 50.
e5 Nxe5 51. Ne3 Nc4 52. Ng4 Rf5 53. Kg3 Ne5 54. Nh6+ Kg6 55. Nxf5 Kxf6 56. Ne3 b4 57. Kf4 Nd3+ 58. Ke4 Nc1 59. Nd5+ Kg5 60. Nxb4 Kh4 61.
a4 Nb3 62. Kf3 Nd4+ 63. Kf2 Nb3 64. Nc6 Kg5 65. a5 Nc5 66. Nb4 Nd3+ 67. Nxd3 1-0

[Event "Late-Titled-Tuesday-Blitz-January-16-2024"]
[Site "Chess.com"]
[Date "2024.01.16"]
[Round "4"]
[White "RichardLeyvaP"]
[Black "Gyulamiryan-koryun"]
[Result "1-0"]
[WhiteElo "2523"]
[BlackElo "1662"]
[TimeControl "180+1"]
[EndTime "14:38:57 PST"]
[Termination "RichardLeyvaP won on time"]

1. e4 e5 2. d4 exd4 3. Qxd4 Nc6 4. Qe3 Nf6 5. Nc3 Be7 6. Bd2 O-O 7. O-O-O d6 8. Qg3 Bg4 9. f3 Bh5 10. h4 Ne5 11. Qf2 c5 12. g4 Nfxg4 13. fxg4 Nxg4 14. Qg3 Ne5 15. Be2 Bxe2 16. Ngxe2 g6 17. h5 Nc4 18.
Kb1 Nxd2+ 19. Rxd2 Qd7 20. Nd5 b5 21. Nef4 g5 22.
Nxe7+ Qxe7 23. Nd5 Qe5 24. Qxe5 dxe5 25. Nf6+ Kg7 26.
Rd6 h6 27. Rf1 Rad8 28. Rxd8 Rxd8 29. Nd5 a6 30. Kc1 a5 31. Kd2 a4 32. Ke3 b4 33.
Rf5 c4 34. Rxe5 b3 35. cxb3 cxb3 36. axb3 axb3 37. Kd3 Rc8 38. Ne3 Rc1 39. Rb5 Rh1 40. Rxb3 Rxh5 41. Nf5+ Kg6 42. Rb6+ f6 43. Ne7+ Kf7 44. Nd5 Rh3+ 45. Kd4 g4 46. Rxf6+ Kg7 47. Rf1 Rb3 48. Rf2 g3 49. Rg2 h5 50. Ke5 h4 51.
Nf4 Kh6 52. Kf5 Rf3 53. Kg4 Rf2 54. e5 Rxg2 55. Nxg2 h3 56. Kxh3 Kg6 57. Kxg3 Kf5 58. Ne1 Kxe5 59. Nd3+ Kd4 60. Nc1 1-0

[Event "Late-Titled-Tuesday-Blitz-January-16-2024"]
[Site "Chess.com"]
[Date "2024.01.16"]
[Round "4"]
[White "GMCorinnaKopff"]
[Black "th3d4rkness"]
[Result "1-0"]
[WhiteElo "2324"]
[BlackElo "2104"]
[TimeControl "180+1"]
[EndTime "14:38:58 PST"]
[Termination "GMCorinnaKopff won on time"]

1. d4 Nf6 2. c4 g6 3. Nc3 d5 4. cxd5 Nxd5 5. Nf3 Bg7 6. Qb3 Nb6 7. e4 O-O 8. Be3 Nc6 9. Rd1 Bg4 10. d5 Bxf3 11.
gxf3 Ne5 12. Be2 Qd7 13. h4 h5 14. Bd4 f5 15. f4 Ng4 16. Bxg7 Kxg7 17. e5 c6 18. Bf3 cxd5 19. Nxd5 Nxd5 20. Rxd5 Qc7 21.
O-O Rfd8 22. Rfd1 b6 23. Qb4 Rxd5 24. Rxd5 Rd8 25. Rxd8 Qxd8 26. Bxg4 hxg4 27. Qa4 Qd5 28. Qe8 Qc5 29. h5 gxh5 30. Qxh5 Qc1+ 31. Kg2 Qxf4 32. e6 Qe4+ 33. Kf1 Qxe6 34. Qg5+ Kf7 35. Qh5+ Kf8 36. Qh8+ Qg8 37. Qh6+ Ke8 38. Qc6+ Kf7 39. Qd5+ e6 40. Qd7+ Kf6 41. Qxa7 Qd8 42. Qa3 Kg5 43. Qe3+ Kg6 44. Qxe6+ Qf6 45. Qg8+ Kh5 46. Qh7+ Kg5 47.
Qg8+ Kf4 48. Qb3 Qd4 49. a4 Kg5 50. Qg8+ Kf4 51. Qb3 Kg5 52. Qc2 f4 53. Qb3 f3 54.
Qb5+ Kh4 55. Qb3 Qc5 56. Qd1 Qc4+ 57. Kg1 Qc5 58. Qd8+ Kh5 59. Qh8+ Kg5 60. Qg7+ Kh5 61. Qh7+ Kg5 62. Qg7+ Kh5 63. Qc3 1-0

[Event "Late-Titled-Tuesday-Blitz-January-16-2024"]
[Site "Chess.com"]
[Date "2024.01.16"]
[Round "4"]
[White "DeArron_Fox"]
[Black "Alexei_Gubajdullin"]
[Result "1-0"]
[WhiteElo "2452"]
[BlackElo "2634"]
[TimeControl "180+1"]
[EndTime "14:39:00 PST"]
[Termination "DeArron_Fox won on time"]

1. d4 d5 2. c4 c6 3. Nc3 Nf6 4. e3 Bf5 5. cxd5 cxd5 6. Qb3 Bc8 7. Nf3 e6 8. Ne5 a6 9. Bd3 Bd6 10. f4 O-O 11. O-O Nc6 12. Rf3 Na5 13. Qd1 b5 14. Rh3 g6 15. b3 b4 16. Na4 Ne4 17. Bd2 f6 18. Nf3 Ra7 19. Rc1 Rff7 20. Nc5 Bb7 21. Nxe6 Qe7 22. f5 gxf5 23. Nc5 Kh8 24. Bxb4 Nc6 25.
Be1 Nxc5 26. dxc5 Bxc5 27. Bf2 Ne5 28. Nxe5 fxe5 29. Qh5 Ba8 30. Bxf5 Rc7 31. Rxc5 Rxc5 32. g4 Rc1+ 33. Kg2 d4+ 34. e4 Rc2 35. Qh6 Rxf5 36.
gxf5 Bxe4+ 37. Kf1 Rc1+ 38. Ke2 Rc2+ 39. Kf1 Bxf5 40.
Rf3 Qg7 41. Qxg7+ Kxg7 42. Rxf5 Rxa2 43. Rxe5 Ra1+ 44. Kg2 Ra2 45. Kf3 Rb2 46. Re7+ Kg6 47. Rb7 d3 48. Ke3 d2 49. Rd7 Rxb3+ 50. Kxd2 Rb2+ 51.
Ke3 Rb3+ 52. Kf4 Rb4+ 53. Kf3 a5 54. Rd6+ Kf5 55. Ra6 a4 56. Be3 h5 57. Ra5+ Kg6 58. Rg5+ Kf6 59. Rxh5 a3 60. Ra5 Rb3 61. h4 Ke6 62. h5 1-0

[Event "Late-Titled-Tuesday-Blitz-January-16-2024"]
[Site "Chess.com"]
[Date "2024.01.16"]
[Round "4"]
[White "IngOscarArdila"]
[Black "MeisterJabo"]
[Result "0-1"]
[WhiteElo "2354"]
[BlackElo "2277"]
[TimeControl "180+1"]
[EndTime "14:39:03 PST"]
[Termination "MeisterJabo won by resignation"]

1. d4 Nf6 2. c4 e6 3. Nc3 d5 4.
Bg5 Be7 5. e3 h6 6. Bh4 O-O 7. Qc2 b6 8. cxd5 Nxd5 9. Bxe7 Qxe7 10. Nxd5 exd5 11. Rc1 c6 12. Nf3 Bb7 13. Be2 Nd7 14.
O-O c5 15. Bb5 Rac8 16. Qa4 Nf6 17. Qxa7 cxd4 18. Nxd4 Ra8 19. Qxb6 Bc8 20. Rc7 Qe4 21. Qc5 Bg4 22. Qc2 Qxc2 23. Rxc2 Rxa2 24. Rfc1 Rb8 25. f3 Be6 26. b4 Ra3 27. Rc3 Ra2 28. R1c2 Ra1+ 29. Kf2 Rb1 30. Bd3 Bd7 31. Nc6 Bxc6 32.
Rxc6 Ne8 33. b5 Kf8 34. Ke2 Ke7 35. Kd2 Kd7 36. R2c5 Rb4 37. Rxd5+ Ke7 38. Re5+ Kf8 39. Kc3 Ra4 40. Bc4 Ra3+ 41. Kd4 Ra7 42. Rd5 Nf6 43. Rdc5 Rd7+ 44. Kc3 Re7 45. Rc8+ Rxc8 46. Rxc8+ Ne8 47. b6 Rb7 48. Rc6 Ke7 49. Bd5 Nd6 50. Kd4 Nb5+ 51. Kc5 Nc3 52. Rc7+ Rxc7+ 53. bxc7 Kd7 54. Kb6 Nxd5+ 55. Kb7 Nxc7 56. Kb6 Nd5+ 57. Kc5 Nxe3 58.
Kd4 Nxg2 59. Ke4 Ke6 60. f4 f5+ 61. Kf3 Ne1+ 62. Ke2 Nc2 63. Kd3 Nb4+ 64. Kc4 Nd5 65.
Kd4 Nxf4 0-1

[Event "Late-Titled-Tuesday-Blitz-January-16-2024"]
[Site "Chess.com"]
[Date "2024.01.16"]
[Round "4"]
[White "angelgab3"]
[Black "Zkid"]
[Result "0-1"]
[WhiteElo "2614"]
[BlackElo "2924"]
[TimeControl "180+1"]
[EndTime "14:39:04 PST"]
[Termination "Zkid won by resignation"]

1. e4 c5 2. Nf3 d6 3. d4 cxd4 4. Nxd4 Nf6 5. Nc3 Nc6 6. Bg5 e6 7. Qd3 Be7 8. O-O-O O-O 9. Be2 Qb6 10. Be3 Ne5 11.
Qd2 Qc7 12. Ndb5 Qa5 13. Kb1 a6 14. Nd5 Qxd2 15. Nxe7+ Kh8 16. Rxd2 axb5 17. f3 Nc4 18. Bxc4 bxc4 19. Nxc8 Raxc8 20. Rxd6 Kg8 21. Rhd1 b5 22. b3 h5 23. Bb6 Rb8 24. Bc7 Rb7 25. Ba5 Kh7 26.
Rd8 Rxd8 27. Rxd8 Nd7 28. Kb2 Ne5 29. Bc3 Nc6 30. Rc8 Ne7 31. Rc5 b4 32. Be1 c3+ 33. Kc1 Kg6 34. a3 bxa3 35. Bxc3 Ra7 36. Kb1 h4 37. Ra5 Rc7 38. Bd2 Rd7 39. Bc1 Rd1 40. Rxa3 Rg1 41. g4 Rh1 42. Ra5 Nc6 43. Rg5+ Kf6 44.
Rh5 Nd4 45. Kb2 Nxf3 46. e5+ Ke7 47. Bf4 g6 48. Rh7 g5 49. Be3 Rxh2 50. Bc5+ Ke8 51. Rh8+ Kd7 52. Rf8 Nxe5 53. Bd4 Nc6 54. Bc5 Ne5 55.
Bd4 Nxg4 56. Rxf7+ Kd6 57. Rg7 e5 58. Bc3 Ne3 59.
Bb4+ Kd5 60. Rxg5 Nxc2 61. Bc3 Nd4+ 62. Kb1 Rf2 63. Rh5 Rf4 64. b4 Kc4 65. Bxd4 exd4 66. b5 d3 67. Kc1 Rf1+ 68. Kd2 Rf2+ 69. Kd1 Kc3 70. Rc5+ Kd4 71. Rh5 h3 72. Rxh3 Kc3 73. Ke1 Rb2 74. Rh5 Rb1+ 75. Kf2 d2 76. Rc5+ Kd4 77. Rc8 d1=Q 78. Rd8+ Kc5 79. Rxd1 Rxd1 0-1

[Event "Late-Titled-Tuesday-Blitz-January-16-2024"]
[Site "Chess.com"]
[Date "2024.01.16"]
[Round "4"]
[White "alexrustemov"]
[Black "crazy_but_lazy"]
[Result "1-0"]
[WhiteElo "2849"]
[BlackElo "2585"]
[TimeControl "180+1"]
[EndTime "14:39:07 PST"]
[Termination "alexrustemov won on time"]

1. d4 Nf6 2. c4 g6 3. Nf3 Bg7 4.
g3 O-O 5. Bg2 d6 6. Nc3 Nbd7 7.
d5 c6 8. dxc6 bxc6 9. Nd4 Bb7 10.
Nxc6 Bxc6 11. Bxc6 Rc8 12. Bg2 Rxc4 13. O-O Qb6 14.
Qb3 Qxb3 15. axb3 Rb4 16. Rxa7 Rxb3 17. Nd5 Re8 18. Rd1 Rbb8 19. b4 Nxd5 20. Bxd5 Ne5 21. Bd2 e6 22. Bg2 d5 23. Be1 Nc6 24. Ra4 Rb6 25. e4 d4 26. Bf1 Reb8 27. b5 Nd8 28. f4 Nb7 29. e5 Bf8 30. Ra6 Nc5 31. Rxb6 Rxb6 32. Rxd4 Kg7 33. Bf2 Rb7 34. Kg2 h5 35.
Kf3 Be7 36. Bc4 Na4 37. Rd2 Nc3 38. Rb2 Nd1 39. Rb3 Nxf2 40. Kxf2 Bc5+ 41. Kf3 Kf8 42.
Bd3 Ke7 43. Be4 Rb8 44. Bc6 Bb6 45. h3 Rd8 46. Ra3 Rb8 47. Ra6 Kf8 48. g4 hxg4+ 49. hxg4 Ke7 50. Ke4 Bc5 51. f5 gxf5+ 52. gxf5 exf5+ 53. Kxf5 Bg1 54. Ra1 Bb6 55. Rd1 Rd8 56. Rh1 Rd2 57. Rh7 Rf2+ 58. Kg4 Bc7 59. Bd5 Bxe5 60. b6 Kd6 61. Bh1 Rb2 62. b7 f6 63. Kf5 Kc5 64. Rh8 Kd4 65. Ke6 Ke3 66. Bc6 Rb3 67. Rh3+ Kd4 68.
Rxb3 1-0

[Event "Late-Titled-Tuesday-Blitz-January-16-2024"]
[Site "Chess.com"]
[Date "2024.01.16"]
[Round "4"]
[White "ValeriyGrinev"]
[Black "FontVella8"]
[Result "0-1"]
[WhiteElo "2564"]
[BlackElo "2747"]
[TimeControl "180+1"]
[EndTime "14:39:08 PST"]
[Termination "FontVella8 won by checkmate"]

1. e4 c6 2. d3 d5 3. Nd2 g6 4.
g3 Bg7 5. Bg2 Nf6 6. e5 Nfd7 7.
d4 O-O 8. f3 e6 9. f4 c5 10. c3 Nc6 11. Ndf3 Qb6 12. Ne2 f6 13. exf6 Nxf6 14. O-O Ne4 15. Kh1 cxd4 16. cxd4 Bd7 17.
b3 Rac8 18. Ba3 Nb4 19. Nd2 Nd6 20. Bxb4 Qxb4 21. Nf3 Bb5 22. Qe1 Qxe1 23. Rfxe1 Nf5 24. Bh3 Rc2 25. Neg1 Bd3 26. Ng5 Rfc8 27. Rad1 R8c3 28. Rxe6 Bxd4 29. Re8+ Kg7 30. N1f3 Bf6 31. Ne1 Rc1 32. Rxc1 Rxc1 33. Kg2 Ba6 34. Nef3 Rc2+ 35. Kg1 h6 36. Ne1 Rc1 37. Nf3 d4 38. Bxf5 gxf5 39. Re6 d3 40.
Rd6 Be7 41. Rd7 Kf6 42. Kg2 Rd1 43. a4 Ke6 44. Rd4 Bc5 45. Rd8 Bb4 46. Kf2 Ke7 47. Rd5 d2 48. Nc2 Rf1+ 49. Kg2 d1=Q 50. Rxd1 Rxd1 51.
Ne3 Rd3 52. Nxf5+ Kf8 53. Ne5 Rxb3 54. Nd4 Rb2+ 55. Kf3 Bc3 56. Ne6+ Ke7 57. Ng7 Bxe5 58. fxe5 Kf7 59. Nf5 Ke6 60. Nxh6 Kxe5 61. Ng4+ Ke6 62. h4 Rb3+ 63. Kf4 b5 64. h5 bxa4 65. h6 Rb7 66. Kg5 a3 67. Nf6 a2 68. h7 Rxh7 69. Nxh7 a1=Q 70. Nf8+ Kf7 71. Ng6 Qf6+ 72. Kh5 Be2+ 73.
g4 Qf5+ 74. Kh4 Qxg4# 0-1

[Event "Late-Titled-Tuesday-Blitz-January-16-2024"]
[Site "Chess.com"]
[Date "2024.01.16"]
[Round "4"]
[White "brm72"]
[Black "KamilGrycel"]
[Result "0-1"]
[WhiteElo "2692"]
[BlackElo "2524"]
[TimeControl "180+1"]
[EndTime "14:39:08 PST"]
[Termination "KamilGrycel won by resignation"]

1. e4 d6 2. d4 Nf6 3. Nc3 c6 4. Nf3 Bg4 5. Be2 e6 6. e5 Nd5 7. Ne4 Nb6 8. Nxd6+ Bxd6 9. exd6 Qxd6 10. O-O O-O 11.
h3 Bh5 12. c3 N8d7 13. Re1 Rac8 14. Bd3 Bg6 15. Bf1 c5 16. Be3 Rfd8 17. dxc5 Nxc5 18.
Qxd6 Rxd6 19. Rad1 Rxd1 20. Rxd1 Nca4 21. Rd2 Kf8 22.
Ne5 Ke7 23. Bb5 Nc5 24. f3 f6 25. Nxg6+ hxg6 26. g3 Nd5 27. Kf2 Nxe3 28. Kxe3 a6 29. Be2 Rc7 30. h4 e5 31. f4 exf4+ 32. Kxf4 Ne6+ 33.
Ke3 g5 34. h5 a5 35. Rd5 b6 36. Bg4 Nc5 37. Rd2 Ne6 38. Ke4 Rc4+ 39. Kf5 Nf8 40.
Bf3 Rc5+ 41. Ke4 Re5+ 42. Kd4 Ne6+ 43. Kc4 Rc5+ 44. Kb3 b5 45. Re2 Re5 46. Rxe5 fxe5 47. Bc6 Nc7 48. a4 bxa4+ 49. Kxa4 Kd6 50. Be4 Ne6 51.
Kxa5 Nc5 52. Bc2 e4 53. b4 Nb7+ 54. Kb5 Ke5 55. c4 Nd6+ 56. Kc5 e3 57. Bd3 Ne4+ 58. Kc6 Nxg3 59. b5 e2 60. Bxe2 Nxe2 61. b6 Nd4+ 62. Kc7 Ne6+ 63. Kd7 Nc5+ 64. Kc6 Kd4 65. Kb5 g4 66. h6 gxh6 67. b7 Nxb7 68. Kc6 Kxc4 69. Kxb7 g3 70. Kc6 g2 71. Kd6 g1=Q 72. Ke5 h5 73. Ke6 h4 74. Kd7 h3 75. Kc6 h2 0-1

[Event "Late-Titled-Tuesday-Blitz-January-16-2024"]
[Site "Chess.com"]
[Date "2024.01.16"]
[Round "4"]
[White "GrotBchess"]
[Black "nfds"]
[Result "1-0"]
[WhiteElo "2321"]
[BlackElo "2489"]
[TimeControl "180+1"]
[EndTime "14:39:08 PST"]
[Termination "GrotBchess won by resignation"]

1. e4 e5 2. Nf3 d6 3. d4 Nd7 4.
Nc3 exd4 5. Nxd4 Ngf6 6. Be3 Be7 7.
Qd2 c6 8. Nf5 O-O 9. Nxd6 Ng4 10. Bf4 Qb6 11. Nc4 Qc5 12. h3 Nge5 13. Nxe5 Nxe5 14.
O-O-O Bf6 15. Be3 Qb4 16. a3 Qa5 17. f4 Ng6 18. e5 Be7 19. Kb1 Rd8 20. Bd3 Bf5 21. Ne4 Qc7 22. Qc3 Be6 23. Nc5 Bd5 24.
Be4 b6 25. Bxd5 cxd5 26. Ne4 Qb7 27. Ng3 Rac8 28. Qb3 d4 29. Bc1 Qxg2 30. Nf5 Bf8 31. h4 Qe4 32. Ng3 Qd5 33. h5 Ne7 34. Qxd5 Rxd5 35.
Ne4 Nf5 36. h6 Be7 37. hxg7 Kxg7 38. Rhg1+ Kh8 39. Rg4 Rcd8 40. Rdg1 Ne3 41. Bxe3 dxe3 42. Ka2 e2 43. Re1 Rd4 44. Rxe2 h5 45. Rg3 Kh7 46. Rh3 h4 47. Ng5+ Bxg5 48. fxg5 Kg6 49. e6 fxe6 50. Rxe6+ Kxg5 51. Re7 Rg8 52. Rxa7 Rg4 53.
Rb7 Rg6 54. Rd7 Rg3 55. Rd5+ Kg4 56. Rh1 Rg5 57. Rd4+ Kh5 58. Rhxh4+ Kg6 59. Rd6+ Kf5 60. Rxb6 Rg2 61. Rb5+ Ke6 62. Rxg5 Rxg5 63. Rc4 Kd6 64. Rc3 Kd5 65. a4 Kd4 66. Ka3 Rg8 67. Rc7 Rb8 68. b4 Kd5 69. c4+ Kd6 70. Rc5 Rf8 71. a5 Rf1 72. Ka4 Ra1+ 73. Kb5 Rh1 74. a6 Rh8 75. Ka5 Rb8 76. a7 Ra8 77. Ka6 Rg8 78. Kb7 Rg1 79. a8=Q Rb1 80. Qd8+ 1-0

[Event "Late-Titled-Tuesday-Blitz-January-16-2024"]
[Site "Chess.com"]
[Date "2024.01.16"]
[Round "4"]
[White "NikolaGry"]
[Black "iturrizaga"]
[Result "1-0"]
[WhiteElo "2753"]
[BlackElo "3005"]
[TimeControl "180+1"]
[EndTime "14:39:12 PST"]
[Termination "NikolaGry won by resignation"]

1. e4 c5 2. Nf3 e6 3. c3 d5 4.
exd5 Qxd5 5. d4 Nf6 6. Na3 Nc6 7. Nb5 Qd8 8. dxc5 Bxc5 9. Qxd8+ Kxd8 10. Bf4 Nd5 11. Bg3 Ke7 12. Bc4 a6 13. Nbd4 Nxd4 14. Nxd4 Nb6 15. Bb3 Bd7 16. O-O-O Rhc8 17. Rhe1 Kf8 18.
f4 Be7 19. Bf2 Nc4 20. Nf5 Bb5 21. Nxe7 Kxe7 22. f5 Bd7 23. Bh4+ Ke8 24. Rd4 Na5 25. Bc2 Nc6 26. Rg4 g6 27. fxe6 Bxe6 28. Bb3 Kd7 29.
Bxe6+ fxe6 30. Bg3 Rf8 31. Rge4 Rae8 32. Rd1+ Kc8 33.
b4 Rf5 34. a4 h5 35. h3 g5 36. Rd6 h4 37. Be1 Re5 38. Rxe5 Nxe5 39. Kc2 Re7 40. Rd4 Nc6 41. Re4 Kd7 42. Bd2 b5 43.
axb5 axb5 44. Rg4 Rf7 45. Rxg5 Rf2 46. Rg7+ Kd6 47. Kd3 Ne5+ 48. Ke3 Rf5 49. Ke4 Nc4 50. Bf4+ Kc6 51. Rc7+ Kb6 52. Re7 Rf8 53. Rxe6+ Kb7 54. Re7+ Kc6 55. Rh7 Re8+ 56. Kf3 Re1 57. Rxh4 Rf1+ 58. Kg4 Rf2 59. Rh6+ Kd5 60. g3 Rc2 61. h4 Rxc3 62. h5 Rb3 63. Rh8 Rxb4 64. h6 Ne5+ 65.
Kf5 Nf7 66. Rf8 Nd6+ 67. Bxd6 Kxd6 68. h7 Rh4 69. gxh4 1-0